 Dungeon Crawl Stone Soup version 0.27.1-34-g3ba077fa99 (webtiles) character file.

Game seed: 736841076207666224

2 cbfl8 the Skirmisher (level 1, -1/20 HPs)
             Began as a Minotaur Wanderer on Jan 13, 2022.
             Frozen to death by an endoplasm (4 damage)
             ... on level 1 of the Dungeon.
             The game lasted 00:00:21 (47 turns).

cbfl8 the Skirmisher (Minotaur Wanderer)              Turns: 47, Time: 00:00:21

Health: -1/20      AC:  5    Str: 17    XL:     1   Next: 25%
Magic:  0/0        EV: 10    Int:  8    God:
Gold:   0          SH:  0    Dex:  9    Spells: 0/0 levels left

rFire    . . .     SeeInvis .   a - +2 dagger
rCold    . . .     Faith    .   (no shield)
rNeg     . . .     Spirit   .   e - +0 ring mail
rPois    .         Reflect  .   (helmet restricted)
rElec    .         Harm     .   (no cloak)
rCorr    .         Rampage  .   (no gloves)
Will     .....                  (no boots)
Stlth    ..........             (no amulet)
HPRegen  0.06/turn              (no ring)
MPRegen  0.07/turn              (no ring)

@: no status effects
A: horns 2, retaliatory headbutt
a: no special abilities


You were on level 1 of the Dungeon.
You visited 1 branch of the dungeon, and saw 1 of its levels.

Inventory:

Hand Weapons
 a - a +2 dagger (weapon)
 c - a +0 shortbow
 f - a +0 hand crossbow
 g - a +0 hand axe
 h - a +0 dagger
Missiles
 b - 4 curare-tipped darts (quivered)
 d - 24 arrows
Armour
 e - a +0 ring mail (worn)


   Skills:
 + Level 3.8 Fighting
 + Level 1.2 Maces & Flails
 + Level 2.1 Bows
 + Level 1.0 Throwing
 + Level 2.4 Armour
 + Level 1.0 Evocations


You couldn't memorise any spells.
You didn't know any spells.
Your spell library was empty.

Dungeon Overview and Level Annotations

Branches:
Dungeon (1/15)

Altars:


Innate Abilities, Weirdness & Mutations

You have a pair of horns on your head.
You reflexively headbutt those who attack you in melee.


Message History

A goblin comes into view. It is wielding a +0 club.
The endoplasm barely misses you.
You see here a +0 dagger.
h - a +0 dagger The endoplasm hits you.
You hit the frilled lizard.
You kill the frilled lizard!
The endoplasm hits you but does no damage.
The rat bites you.
You completely miss the rat. The rat bites you. The endoplasm freezes you.
You are frozen.
The rat bites you.
You closely miss the rat. The rat misses you. The endoplasm closely misses you.
The rat bites you.
You closely miss the rat. The rat closely misses you.
The endoplasm closely misses you. The rat barely misses you.
Your ring mail prevents you from hitting the rat.
Your headbutt misses the rat. The rat bites you.
The endoplasm hits you but does no damage.
The rat misses you. You furiously retaliate!
You headbutt the rat!
You kill the rat!
The rat bites you but does no damage.
The endoplasm hits you but does no damage.
You see here a rat corpse.
You hit the endoplasm.
The endoplasm is moderately wounded.
The rat bites you.
* * * LOW HITPOINT WARNING * * *
The endoplasm closely misses you.
A bat comes into view.
Found 12 gold pieces.
The goblin hits you but does no damage. The endoplasm freezes you.
You are frozen.
* * * LOW HITPOINT WARNING * * *
You barely miss the goblin. The goblin closely misses you.
You furiously retaliate!
You headbutt the goblin. The rat bites you but does no damage.
The endoplasm freezes you.
You are frozen.
You die...

#. #.# #.. #.# #.. #.#
#... ##### #.# #...
...# #.#
###...####.####.###
......†...........####.
......Jr...............
......g@.....##.#.####.
##...........#..#.#
#....#b###..#.##.#####
#.......# #.......##..
#.......# ##.#.##.##.#
#...._..# #.#.##.##.#
#...8.8.# #.........###
#.#$....# #########.#≈≈
#.#≈#


You could see an endoplasm, a goblin, a bat and a rat.

Vanquished Creatures
  2 frilled lizards (D:1)
  A rat (D:1)
3 creatures vanquished.

Notes
Turn   | Place    | Note
-------+----------+-------------------------------------------
     0 | D:1      | cbfl8 the Minotaur Wanderer began the quest for the Orb.
     0 | D:1      | cbfl8 set off with the following items: a +2 dagger, 4
                  | curare-tipped darts, a +0 shortbow, 24 arrows, a +0 ring
                  | mail
     0 | D:1      | Reached XP level 1. HP: 19/19 MP: 0/0
    33 | D:1      | Found a faded altar of an unknown god.
    47 | D:1      | Frozen to death by an endoplasm

Illustrated notes

Levels and vault maps discovered:
D:1:      ncdulo_wetmaze, layout_loops_cross, dreamdust_ecumenical_altar_statues

Action                   || total
-------------------------++-------
Melee: Dagger            ||     8
Armor: Ring mail         ||     6
Dodge: Dodged            ||    10
